Stars vs Coyotes
Created - 15 octobre 2014 at 23:45
Goals
|
| Stars |
1 |
0 |
0 |
1 |
| Coyotes |
1 |
2 |
0 |
3 |
|
Shots
|
| Stars |
19 |
5 |
10 |
34 |
| Coyotes |
7 |
18 |
9 |
34 |
|
1st period
1. Coyotes , Erik Cole 2 (Frans Nielsen, Chris Stewart) at 6:16
2. Stars , Marty Reasoner 4 (Sean Avery, Daniel Cleary) at 19:35
Penalties :
Erik Cole (Ari) for Tripping (Minor) at 7:08, Shawn Thornton (Ari) for Tripping (Minor) at 17:03
2nd period
3. Coyotes , Chris Stewart 4 (Erik Cole, Frans Nielsen) at 16:46
4. Coyotes , Anton Stralman 1 (Erik Christensen, Kurt Sauer) at 17:44
Penalties :
Anton Stralman (Ari) for Roughing (Minor) at 0:27, Evgeny Artyukhin (Dal) for Hooking (Minor) at 8:00, Boyd Devereaux (Ari) for Holding (Minor) at 12:41
3rd period
No Goal
Penalties :
Erik Christensen (Ari) for Tripping (Minor) at 6:38, Boyd Devereaux (Ari) for Hooking (Minor) at 7:01, Daniel Sedin (Dal) for Hooking (Minor) at 12:29, Boyd Devereaux (Ari) for Hooking (Minor) at 14:39
Goalie Stats
Patrick Lalime (Dal), 31 saves from 34 shots - (0,912), L, 3-4-1, 60:00 minutes
Marc Denis (Ari), 33 saves from 34 shots - (0,971), W, 1-0-0, 60:00 minutes
Players Stats for Stars
Player Name G A P +/- PIM S H SB GA TA FO MP PP MP PK MP
------------------------------------------------------------------------------------
Brendan Bell 0 0 0 0 0 0 0 0 0 0 0/0 18:28 5:23 0:00
Daniel Cleary 0 1 1 0 0 0 0 0 0 0 0/0 11:34 0:10 1:20
Daniel Sedin 0 0 0 -1 2 1 1 2 1 1 0/0 18:18 7:08 0:20
Evgeny Artyukhin 0 0 0 -1 2 1 0 1 0 0 1/1 14:26 0:00 0:00
Filip Novak 0 0 0 0 0 3 0 1 0 1 0/0 14:42 0:00 2:46
Henrik Sedin 0 0 0 -1 0 7 1 1 1 0 15/28 21:19 7:08 0:00
Hugh Jessiman 0 0 0 0 0 0 0 0 1 0 0/0 8:22 0:00 0:00
Jan Hlavac 0 0 0 0 0 2 3 0 1 1 0/0 11:44 0:10 2:18
John Tavares 0 0 0 -1 0 2 2 1 0 1 7/10 18:52 7:08 0:20
Kurtis Foster 0 0 0 0 0 0 0 2 1 1 0/0 22:24 7:52 1:12
Marty Reasoner 1 0 1 1 0 1 0 0 0 0 5/8 11:09 0:10 2:18
Matthew Spiller 0 0 0 -2 0 4 3 2 0 0 0/0 26:28 4:25 2:46
Milan Michalek 0 0 0 -1 0 5 0 2 1 0 1/2 19:40 4:59 0:32
Pavel Kubina 0 0 0 -2 0 3 2 4 2 1 0/0 25:43 6:54 0:00
Randy Jones 0 0 0 0 0 0 0 0 0 1 0/0 12:15 0:00 1:12
Sean Avery 0 1 1 0 0 0 0 0 1 0 0/0 10:21 0:00 0:00
Shane Doan 0 0 0 -1 0 2 3 0 0 0 0/0 15:36 4:59 0:00
Tomas Plekanec 0 0 0 -1 0 3 4 0 1 0 5/9 14:39 4:59 0:48
Players Stats for Coyotes
Player Name G A P +/- PIM S H SB GA TA FO MP PP MP PK MP
------------------------------------------------------------------------------------
Adrian Aucoin 0 0 0 0 0 3 2 0 0 0 0/0 20:01 1:46 1:19
Anton Stralman 1 0 1 2 2 5 2 2 0 1 0/0 20:32 2:12 3:20
Boyd Devereaux 0 0 0 0 6 0 1 0 0 0 3/5 11:33 0:14 3:17
Chad Larose 0 0 0 1 0 1 3 2 0 1 2/2 15:20 0:29 6:39
Chris Stewart 1 1 2 1 0 1 1 0 0 1 1/1 15:21 2:05 0:00
Denis Grebeshkov 0 0 0 0 0 5 1 3 2 2 0/0 25:10 1:46 4:39
Drew Miller 0 0 0 0 0 2 3 1 1 2 2/2 20:17 1:25 4:12
Erik Christensen 0 1 1 1 2 1 1 0 1 0 1/7 10:44 1:58 0:44
Erik Cole 1 1 2 1 2 3 1 1 0 1 1/1 16:56 0:00 3:27
Frans Nielsen 0 2 2 1 0 0 4 1 0 0 3/13 14:58 2:13 0:00
Jiri Fischer 0 0 0 0 0 1 0 2 2 0 0/0 18:25 0:00 7:38
Kurt Sauer 0 1 1 2 0 3 1 1 0 1 0/0 23:22 0:00 7:38
Lukas Krajicek 0 0 0 0 0 0 0 0 0 0 0/0 13:00 2:12 0:00
Marian Gaborik 0 0 0 0 0 4 0 0 1 0 0/0 15:49 1:31 0:00
Pavel Brendl 0 0 0 0 0 1 0 0 0 0 0/1 7:27 0:00 0:00
Shawn Thornton 0 0 0 1 2 0 1 0 0 0 0/0 9:30 0:28 0:17
Tim Connolly 0 0 0 0 0 1 0 0 0 0 10/23 15:30 1:31 0:00
Vaclav Varada 0 0 0 0 0 3 1 0 0 1 1/3 12:05 0:00 4:21
3 Stars
1 - Marc Denis (Ari)
2 - Chris Stewart (Ari)
3 - Frans Nielsen (Ari)
Power Play
Stars - 0 on 7 Attempt(s) - 0,00%
Coyotes - 0 on 2 Attempt(s) - 0,00%
Penalty Kill
Stars - 2 on 2 Attempt(s) - 100,00%
- Score 0 goal in Penalty Kill
Coyotes - 7 on 7 Attempt(s) - 100,00%
- Score 0 goal in Penalty Kill
Official
Referees : Walkom Stephen and Meier Brad
Linesman : Lonnie Cameron and Thor Nelson
Game Notes
No Game Note
Finance
Level 1 -- Attendance: 4716 (78,60%) -- Ticket Income 424 440 $
Level 2 -- Attendance: 4691 (93,82%) -- Ticket Income 234 550 $
Level 3 -- Attendance: 1719 (85,95%) -- Ticket Income 51 570 $
Level 4 -- Attendance: 4000 (100,00%) -- Ticket Income 80 000 $
Luxury Box -- Attendance: 930 (93,00%) -- Ticket Income 150 660 $
Game was played at the The Pack Center
Total Attendance: 16056 (89,20%)
Total Ticket Income: 941 220 $
Other Income: 141 183 $
Total Income: 1 082 403 $
Stars
5 vs 5 Forward
Center Left Wing Right Wing Time % Phy DF OF
1 Henrik Sedin Milan Michalek Evgeny Artyukhin 40 1 2 2
2 John Tavares Daniel Sedin Shane Doan 30 1 2 2
3 Tomas Plekanec Sean Avery Daniel Cleary 20 1 2 2
4 Marty Reasoner Jan Hlavac Hugh Jessiman 10 1 2 2
5 vs 5 Defense
Defense Defense Time % Phy DF OF
1 Pavel Kubina Matthew Spiller 40 1 2 2
2 Kurtis Foster Brendan Bell 30 1 2 2
3 Randy Jones Filip Novak 20 1 2 2
4 Pavel Kubina Matthew Spiller 10 1 2 2
PowerPlay Forward
Center Left Wing Right Wing Time % Phy DF OF
1 Henrik Sedin Daniel Sedin John Tavares 60 1 2 2
2 Tomas Plekanec Milan Michalek Shane Doan 40 1 2 2
PowerPlay Defense
Defense Defense Time % Phy DF OF
1 Pavel Kubina Kurtis Foster 60 1 2 2
2 Brendan Bell Matthew Spiller 40 1 2 2
Penalty Kill 4 Players Forward
Center Wing Time % Phy DF OF
1 Marty Reasoner Jan Hlavac 60 1 2 2
2 Tomas Plekanec Daniel Cleary 40 1 2 2
Penalty Kill 4 Players Defense
Defense Defense Time % Phy DF OF
1 Matthew Spiller Filip Novak 60 1 2 2
2 Kurtis Foster Randy Jones 40 1 2 2
Penalty Kill - 3 Players Forward
Forward Time % Phy DF OF
1 Marty Reasoner 60 1 2 2
2 Tomas Plekanec 40 1 2 2
Penalty Kill - 3 Players Defense
Defense Defense Time % Phy DF OF
1 Matthew Spiller Filip Novak 60 1 2 2
2 Kurtis Foster Randy Jones 40 1 2 2
4 vs 4 Forward
Center Wing Time % Phy DF OF
1 Henrik Sedin Daniel Sedin 60 1 2 2
2 Tomas Plekanec Shane Doan 40 1 2 2
4 vs 4 Defense
Defense Defense Time % Phy DF OF
1 Pavel Kubina Matthew Spiller 60 1 2 2
2 Kurtis Foster Randy Jones 40 1 2 2
Last Minutes Offensive
Center Left Wing Right Wing Defense Defense
Henrik Sedin Daniel Sedin John Tavares Pavel Kubina Kurtis Foster
Last Minutes Defensive
Center Left Wing Right Wing Defense Defense
Marty Reasoner Jan Hlavac Daniel Cleary Matthew Spiller Randy Jones
Goaltenders
Starting : Patrick Lalime
Backup : Pascal Leclaire
Extra Forwards
Normal : Milan Michalek, Sean Avery, John Tavares - PP : Shane Doan, Daniel Sedin - PK : Daniel Cleary
Extra Defensemen
Normal : Brendan Bell, Filip Novak, Kurtis Foster - PP : Pavel Kubina - PK : Filip Novak, Kurtis Foster
Penalty Shots
Daniel Sedin, John Tavares, Jan Hlavac, Shane Doan, Milan Michalek
Coyotes
5 vs 5 Forward
Center Left Wing Right Wing Time % Phy DF OF
1 Tim Connolly Drew Miller Marian Gaborik 35 1 0 4
2 Frans Nielsen Erik Cole Chris Stewart 31 1 1 3
3 Erik Christensen Shawn Thornton Chad Larose 18 2 1 2
4 Boyd Devereaux Pavel Brendl Vaclav Varada 16 3 2 0
5 vs 5 Defense
Defense Defense Time % Phy DF OF
1 Denis Grebeshkov Adrian Aucoin 38 1 1 3
2 Kurt Sauer Anton Stralman 34 1 1 3
3 Jiri Fischer Lukas Krajicek 26 3 2 0
4 Kurt Sauer Denis Grebeshkov 2 1 1 3
PowerPlay Forward
Center Left Wing Right Wing Time % Phy DF OF
1 Tim Connolly Chris Stewart Marian Gaborik 55 1 0 4
2 Frans Nielsen Drew Miller Erik Christensen 45 1 0 4
PowerPlay Defense
Defense Defense Time % Phy DF OF
1 Denis Grebeshkov Adrian Aucoin 55 0 1 4
2 Lukas Krajicek Anton Stralman 45 1 0 4
Penalty Kill 4 Players Forward
Center Wing Time % Phy DF OF
1 Boyd Devereaux Chad Larose 52 1 3 1
2 Vaclav Varada Erik Cole 48 1 3 1
Penalty Kill 4 Players Defense
Defense Defense Time % Phy DF OF
1 Kurt Sauer Jiri Fischer 52 1 4 0
2 Anton Stralman Denis Grebeshkov 48 1 4 0
Penalty Kill - 3 Players Forward
Forward Time % Phy DF OF
1 Chad Larose 53 0 5 0
2 Drew Miller 47 1 4 0
Penalty Kill - 3 Players Defense
Defense Defense Time % Phy DF OF
1 Jiri Fischer Kurt Sauer 53 1 4 0
2 Adrian Aucoin Denis Grebeshkov 47 1 4 0
4 vs 4 Forward
Center Wing Time % Phy DF OF
1 Tim Connolly Marian Gaborik 52 0 1 4
2 Frans Nielsen Drew Miller 48 0 2 3
4 vs 4 Defense
Defense Defense Time % Phy DF OF
1 Kurt Sauer Lukas Krajicek 52 1 2 2
2 Denis Grebeshkov Jiri Fischer 48 1 2 2
Last Minutes Offensive
Center Left Wing Right Wing Defense Defense
Tim Connolly Frans Nielsen Marian Gaborik Denis Grebeshkov Adrian Aucoin
Last Minutes Defensive
Center Left Wing Right Wing Defense Defense
Boyd Devereaux Drew Miller Chad Larose Kurt Sauer Jiri Fischer
Goaltenders
Starting : Marc Denis
Backup : Ryan Miller
Extra Forwards
Normal : Marian Gaborik, Drew Miller, Chris Stewart - PP : Marian Gaborik, Chris Stewart - PK : Drew Miller
Extra Defensemen
Normal : Denis Grebeshkov, Kurt Sauer, Anton Stralman - PP : Denis Grebeshkov - PK : Jiri Fischer, Kurt Sauer
Penalty Shots
Marian Gaborik, Chris Stewart, Erik Christensen, Frans Nielsen, Erik Cole
% Time on Ice - Stars
Lines # - Real PCT - Wanted PCT - Time Play
Normal Forward
1 - 34% - 40% - 14:44
2 - 26% - 30% - 11:18
3 - 21% - 20% - 9:21
4 - 19% - 10% - 8:22
Normal Defense
1 - 41% - 40% - 18:08
2 - 28% - 30% - 12:15
3 - 25% - 20% - 11:03
4 - 5% - 10% - 2:19
PP Forward
1 - 59% - 60% - 7:18
2 - 41% - 40% - 4:59
PP Defense
1 - 64% - 60% - 7:52
2 - 36% - 40% - 4:25
PK Forward
1 - 80% - 60% - 3:10
2 - 20% - 40% - 0:48
PK Defense
1 - 70% - 60% - 2:46
2 - 30% - 40% - 1:12
PK3 Forward
1 - 0% - 60%
2 - 0% - 40%
PK3 Defense
1 - 0% - 60%
2 - 0% - 40%
44 Forward
1 - 0% - 60%
2 - 0% - 40%
44 Defense
1 - 0% - 60%
2 - 0% - 40%
Last Minute Offensive - 0:00
Last Minute Defensive - 0:00
Total
Forward - 60:00
Defense - 60:00
|
% Time on Ice - Coyotes
Lines # - Real PCT - Wanted PCT - Time Play
Normal Forward
1 - 34% - 35% - 14:45
2 - 31% - 31% - 13:33
3 - 18% - 18% - 8:00
4 - 17% - 16% - 7:27
Normal Defense
1 - 38% - 38% - 16:35
2 - 34% - 34% - 14:53
3 - 25% - 26% - 10:45
4 - 4% - 2% - 1:32
PP Forward
1 - 44% - 55% - 1:45
2 - 56% - 45% - 2:13
PP Defense
1 - 45% - 55% - 1:46
2 - 55% - 45% - 2:12
PK Forward
1 - 59% - 52% - 6:19
2 - 41% - 48% - 4:22
PK Defense
1 - 61% - 52% - 6:31
2 - 39% - 48% - 4:10
PK3 Forward
1 - 48% - 53% - 0:46
2 - 52% - 47% - 0:50
PK3 Defense
1 - 70% - 53% - 1:07
2 - 30% - 47% - 0:29
44 Forward
1 - 0% - 52%
2 - 0% - 48%
44 Defense
1 - 0% - 52%
2 - 0% - 48%
Last Minute Offensive - 0:00
Last Minute Defensive - 0:00
Total
Forward - 60:00
Defense - 60:00
|
Play by Play
1st period
0:01 of 1st period - Henrik Sedin wins face-off versus Tim Connolly in neutral zone.
0:12 of 1st period - Wrist shot by Marian Gaborik.
0:12 of 1st period - Stopped by Patrick Lalime without a rebound.
0:13 of 1st period - John Tavares wins face-off versus Frans Nielsen in Stars zone.
0:38 of 1st period - Brendan Bell is hit by Kurt Sauer.
1:05 of 1st period - Slapshot by Milan Michalek.
1:05 of 1st period - Shot Misses the Net.
1:07 of 1st period - Wrist shot by Henrik Sedin.
1:07 of 1st period - Deflect By Milan Michalek.
1:07 of 1st period - Stopped by Marc Denis without a rebound.
1:08 of 1st period - Marty Reasoner wins face-off versus Tim Connolly in Coyotes zone.
1:23 of 1st period - Snap shot by Marian Gaborik.
1:23 of 1st period - Shot Blocked by Pavel Kubina.
1:37 of 1st period - Snap shot by Henrik Sedin.
1:37 of 1st period - Stopped by Marc Denis without a rebound.
1:38 of 1st period - Henrik Sedin wins face-off versus Frans Nielsen in Coyotes zone.
2:08 of 1st period - Snap shot by Shane Doan.
2:08 of 1st period - Stopped by Marc Denis with a rebound.
2:10 of 1st period - Slapshot by Matthew Spiller.
2:10 of 1st period - Deflect By Lukas Krajicek.
2:10 of 1st period - Stopped by Marc Denis without a rebound.
2:11 of 1st period - John Tavares wins face-off versus Tim Connolly in Coyotes zone.
2:36 of 1st period - Wrist shot by Henrik Sedin.
2:36 of 1st period - Shot Misses the Net.
2:38 of 1st period - Snap shot by Evgeny Artyukhin.
2:38 of 1st period - Stopped by Marc Denis with a rebound.
2:44 of 1st period - Snap shot by Evgeny Artyukhin.
2:44 of 1st period - Shot Misses the Net.
2:46 of 1st period - Wrist shot by Henrik Sedin.
2:46 of 1st period - Stopped by Marc Denis without a rebound.
2:47 of 1st period - Tomas Plekanec wins face-off versus Frans Nielsen in Coyotes zone.
3:16 of 1st period - Wrist shot by Boyd Devereaux.
3:16 of 1st period - Shot Blocked by Filip Novak.
3:20 of 1st period - Snap shot by Vaclav Varada.
3:20 of 1st period - Shot Misses the Net.
3:22 of 1st period - Snap shot by Vaclav Varada.
3:22 of 1st period - Deflect By Boyd Devereaux.
3:22 of 1st period - Shot Misses the Net.
3:22 of 1st period - Puck is out of play.
3:23 of 1st period - Tim Connolly wins face-off versus Henrik Sedin in Stars zone.
3:24 of 1st period - Wrist shot by Marian Gaborik.
3:24 of 1st period - Shot Misses the Net.
3:36 of 1st period - Kurt Sauer is hit by Pavel Kubina and loses puck.
3:49 of 1st period - Pavel Kubina is hit by Frans Nielsen and loses puck.
4:18 of 1st period - Marty Reasoner is hit by Denis Grebeshkov.
4:44 of 1st period - Slapshot by Sean Avery.
4:44 of 1st period - Shot Misses the Net.
5:18 of 1st period - Chris Stewart is hit by Shane Doan and loses puck.
5:25 of 1st period - Randy Jones is hit by Adrian Aucoin and loses puck.
5:36 of 1st period - Wrist shot by Marty Reasoner.
5:36 of 1st period - Shot Misses the Net.
5:38 of 1st period - Wrist shot by Filip Novak.
5:38 of 1st period - Stopped by Marc Denis with a rebound.
5:40 of 1st period - Wrist shot by Jan Hlavac.
5:40 of 1st period - Stopped by Marc Denis without a rebound.
5:41 of 1st period - Marty Reasoner wins face-off versus Tim Connolly in Coyotes zone.
5:58 of 1st period - Wrist shot by Hugh Jessiman.
5:58 of 1st period - Shot Misses the Net.
6:00 of 1st period - Slapshot by Matthew Spiller.
6:00 of 1st period - Stopped by Marc Denis without a rebound.
6:01 of 1st period - Henrik Sedin wins face-off versus Frans Nielsen in Coyotes zone.
6:14 of 1st period - Slapshot by Erik Cole.
6:14 of 1st period - Stopped by Patrick Lalime with a rebound.
6:16 of 1st period - Slapshot by Erik Cole.
6:16 of 1st period - Goal by Erik Cole - Stars : 0 - Coyotes : 1.
6:17 of 1st period - Henrik Sedin wins face-off versus Tim Connolly in neutral zone.
6:22 of 1st period - Slapshot by Henrik Sedin.
6:22 of 1st period - Stopped by Marc Denis with a rebound.
6:24 of 1st period - Snap shot by Matthew Spiller.
6:24 of 1st period - Stopped by Marc Denis with a rebound.
6:26 of 1st period - Slapshot by Pavel Kubina.
6:26 of 1st period - Stopped by Marc Denis with a rebound.
6:32 of 1st period - Slapshot by Milan Michalek.
6:32 of 1st period - Shot Blocked by Denis Grebeshkov.
6:44 of 1st period - Denis Grebeshkov is hit by Matthew Spiller and loses puck.
7:08 of 1st period - Minor Penalty to Erik Cole for Tripping.
7:09 of 1st period - Henrik Sedin wins face-off versus Boyd Devereaux in Coyotes zone.
7:35 of 1st period - Pavel Kubina is hit by Drew Miller and loses puck.
7:58 of 1st period - Snap shot by Henrik Sedin.
7:58 of 1st period - Stopped by Marc Denis without a rebound.
7:59 of 1st period - Vaclav Varada wins face-off versus Henrik Sedin in Coyotes zone.
8:22 of 1st period - Tomas Plekanec is hit by Chad Larose.
8:41 of 1st period - Slapshot by Milan Michalek.
8:41 of 1st period - Shot Misses the Net.
8:43 of 1st period - Snap shot by Daniel Sedin.
8:43 of 1st period - Shot Misses the Net.
8:45 of 1st period - Snap shot by John Tavares.
8:45 of 1st period - Stopped by Marc Denis with a rebound.
8:47 of 1st period - Slapshot by Matthew Spiller.
8:47 of 1st period - Shot Blocked by Denis Grebeshkov.
9:08 of 1st period - Penalty to Erik Cole is over, Erik Cole is back on ice.
9:22 of 1st period - Wrist shot by Chad Larose.
9:22 of 1st period - Stopped by Patrick Lalime with a rebound.
9:30 of 1st period - Slapshot by Chad Larose.
9:30 of 1st period - Shot Blocked by Kurtis Foster.
10:03 of 1st period - Chris Stewart is hit by Henrik Sedin and loses puck.
10:22 of 1st period - Wrist shot by John Tavares.
10:22 of 1st period - Stopped by Marc Denis with a rebound.
10:24 of 1st period - Wrist shot by Shane Doan.
10:24 of 1st period - Shot Blocked by Anton Stralman.
10:31 of 1st period - Icing by Kurt Sauer.
10:32 of 1st period - Chris Stewart wins face-off versus Tomas Plekanec in Coyotes zone.
10:37 of 1st period - Daniel Cleary is hit by Chris Stewart and loses puck.
10:58 of 1st period - Snap shot by Vaclav Varada.
10:58 of 1st period - Deflect By Milan Michalek.
10:58 of 1st period - Stopped by Patrick Lalime without a rebound.
10:59 of 1st period - Henrik Sedin wins face-off versus Tim Connolly in Stars zone.
11:04 of 1st period - Snap shot by Henrik Sedin.
11:04 of 1st period - Deflect By Milan Michalek.
11:04 of 1st period - Stopped by Marc Denis with a rebound.
11:10 of 1st period - Wrist shot by Tim Connolly.
11:10 of 1st period - Shot Blocked by Henrik Sedin.
11:39 of 1st period - Wrist shot by Daniel Sedin.
11:39 of 1st period - Shot Blocked by Kurt Sauer.
13:22 of 1st period - Snap shot by Tomas Plekanec.
13:22 of 1st period - Shot Blocked by Frans Nielsen.
13:36 of 1st period - Wrist shot by Chad Larose.
13:36 of 1st period - Shot Blocked by Kurtis Foster.
13:42 of 1st period - Wrist shot by Erik Christensen.
13:42 of 1st period - Shot Misses the Net.
13:44 of 1st period - Wrist shot by Chad Larose.
13:44 of 1st period - Deflect By Erik Christensen.
13:44 of 1st period - Stopped by Patrick Lalime with a rebound.
14:14 of 1st period - Slapshot by Daniel Sedin.
14:14 of 1st period - Shot Misses the Net.
15:26 of 1st period - Snap shot by Milan Michalek.
15:26 of 1st period - Stopped by Marc Denis with a rebound.
15:28 of 1st period - Wrist shot by Henrik Sedin.
15:28 of 1st period - Stopped by Marc Denis with a rebound.
15:36 of 1st period - Snap shot by Vaclav Varada.
15:36 of 1st period - Stopped by Patrick Lalime without a rebound.
15:37 of 1st period - John Tavares wins face-off versus Frans Nielsen in Stars zone.
15:37 of 1st period - John Tavares is hit by Adrian Aucoin.
15:43 of 1st period - Erik Cole is hit by Shane Doan and loses puck.
15:53 of 1st period - Off-side.
15:54 of 1st period - Tim Connolly wins face-off versus Tomas Plekanec in neutral zone.
16:41 of 1st period - Snap shot by Adrian Aucoin.
16:41 of 1st period - Deflect By Chad Larose.
16:41 of 1st period - Shot Blocked by Milan Michalek.
16:41 of 1st period - Puck is out of play.
16:42 of 1st period - Henrik Sedin wins face-off versus Erik Christensen in Stars zone.
17:03 of 1st period - Minor Penalty to Shawn Thornton for Tripping.
17:04 of 1st period - Boyd Devereaux wins face-off versus Henrik Sedin in Coyotes zone.
17:15 of 1st period - Daniel Sedin is hit by Boyd Devereaux and loses puck.
18:18 of 1st period - Denis Grebeshkov is hit by Tomas Plekanec and loses puck.
19:03 of 1st period - Penalty to Shawn Thornton is over, Shawn Thornton is back on ice.
19:35 of 1st period - Snap shot by Marty Reasoner.
19:35 of 1st period - Goal by Marty Reasoner - Stars : 1 - Coyotes : 1.
19:36 of 1st period - Henrik Sedin wins face-off versus Frans Nielsen in neutral zone.
Goals for this period are 1 for Stars vs 1 for Coyotes.
Shots for this period are 19 for Stars vs 7 for Coyotes.
2nd period
0:01 of 2nd period - Tim Connolly wins face-off versus Henrik Sedin in neutral zone.
0:06 of 2nd period - Snap shot by Tim Connolly.
0:06 of 2nd period - Shot Misses the Net.
0:08 of 2nd period - Wrist shot by Kurt Sauer.
0:08 of 2nd period - Shot Blocked by Evgeny Artyukhin.
0:10 of 2nd period - Slapshot by Kurt Sauer.
0:10 of 2nd period - Stopped by Patrick Lalime with a rebound.
0:27 of 2nd period - Minor Penalty to Anton Stralman for Roughing.
0:28 of 2nd period - Boyd Devereaux wins face-off versus Henrik Sedin in Coyotes zone.
0:37 of 2nd period - Wrist shot by John Tavares.
0:37 of 2nd period - Shot Misses the Net.
1:35 of 2nd period - Shane Doan is hit by Chad Larose and loses puck.
2:27 of 2nd period - Penalty to Anton Stralman is over, Anton Stralman is back on ice.
4:52 of 2nd period - Jiri Fischer is hit by Tomas Plekanec and loses puck.
5:23 of 2nd period - Marty Reasoner is hit by Vaclav Varada and loses puck.
5:30 of 2nd period - Lukas Krajicek is hit by Matthew Spiller and loses puck.
5:41 of 2nd period - Snap shot by Hugh Jessiman.
5:41 of 2nd period - Deflect By Jan Hlavac.
5:41 of 2nd period - Shot Blocked by Jiri Fischer.
5:41 of 2nd period - Puck is out of play.
5:42 of 2nd period - Erik Cole wins face-off versus John Tavares in Coyotes zone.
6:09 of 2nd period - Slapshot by Anton Stralman.
6:09 of 2nd period - Stopped by Patrick Lalime without a rebound.
6:10 of 2nd period - Tomas Plekanec wins face-off versus Erik Christensen in Stars zone.
6:10 of 2nd period - Tomas Plekanec is hit by Erik Christensen.
6:38 of 2nd period - Wrist shot by Marian Gaborik.
6:38 of 2nd period - Shot Blocked by John Tavares.
6:40 of 2nd period - Wrist shot by Marian Gaborik.
6:40 of 2nd period - Stopped by Patrick Lalime without a rebound.
6:41 of 2nd period - Tim Connolly wins face-off versus Henrik Sedin in Stars zone.
6:54 of 2nd period - Snap shot by Tim Connolly.
6:54 of 2nd period - Shot Misses the Net.
7:06 of 2nd period - Brendan Bell is hit by Frans Nielsen and loses puck.
7:15 of 2nd period - Slapshot by John Tavares.
7:15 of 2nd period - Shot Misses the Net.
7:25 of 2nd period - Snap shot by Erik Christensen.
7:25 of 2nd period - Deflect By Shawn Thornton.
7:25 of 2nd period - Shot Misses the Net.
7:25 of 2nd period - Puck is out of play.
7:26 of 2nd period - Tomas Plekanec wins face-off versus Erik Christensen in Stars zone.
7:48 of 2nd period - Icing by Chad Larose.
7:49 of 2nd period - Henrik Sedin wins face-off versus Tim Connolly in Coyotes zone.
8:00 of 2nd period - Minor Penalty to Evgeny Artyukhin for Hooking.
8:01 of 2nd period - Tim Connolly wins face-off versus Marty Reasoner in Stars zone.
9:14 of 2nd period - Snap shot by Daniel Sedin.
9:14 of 2nd period - Deflect By John Tavares.
9:14 of 2nd period - Shot Misses the Net.
9:14 of 2nd period - Puck is out of play.
9:15 of 2nd period - Frans Nielsen wins face-off versus Marty Reasoner in Coyotes zone.
9:32 of 2nd period - Matthew Spiller is hit by Anton Stralman and loses puck.
9:43 of 2nd period - Drew Miller is hit by Tomas Plekanec and loses puck.
10:00 of 2nd period - Penalty to Evgeny Artyukhin is over, Evgeny Artyukhin is back on ice.
10:40 of 2nd period - Wrist shot by Shane Doan.
10:40 of 2nd period - Shot Blocked by Chad Larose.
10:42 of 2nd period - Slapshot by Filip Novak.
10:42 of 2nd period - Stopped by Marc Denis without a rebound.
10:43 of 2nd period - Tim Connolly wins face-off versus John Tavares in Coyotes zone.
11:17 of 2nd period - Erik Cole is hit by Tomas Plekanec and loses puck.
11:36 of 2nd period - Chris Stewart is hit by Jan Hlavac and loses puck.
11:57 of 2nd period - Snap shot by Chad Larose.
11:57 of 2nd period - Shot Blocked by Milan Michalek.
11:59 of 2nd period - Slapshot by Jiri Fischer.
11:59 of 2nd period - Stopped by Patrick Lalime without a rebound.
12:00 of 2nd period - John Tavares wins face-off versus Tim Connolly in Stars zone.
12:12 of 2nd period - Snap shot by Denis Grebeshkov.
12:12 of 2nd period - Stopped by Patrick Lalime with a rebound.
12:14 of 2nd period - Wrist shot by Marian Gaborik.
12:14 of 2nd period - Stopped by Patrick Lalime with a rebound.
12:16 of 2nd period - Slapshot by Denis Grebeshkov.
12:16 of 2nd period - Deflect By Marian Gaborik.
12:16 of 2nd period - Stopped by Patrick Lalime with a rebound.
12:41 of 2nd period - Minor Penalty to Boyd Devereaux for Holding.
12:42 of 2nd period - Drew Miller wins face-off versus Henrik Sedin in Coyotes zone.
13:31 of 2nd period - Drew Miller is hit by Pavel Kubina and loses puck.
13:58 of 2nd period - Denis Grebeshkov is hit by Daniel Sedin and loses puck.
14:08 of 2nd period - Slapshot by Henrik Sedin.
14:08 of 2nd period - Stopped by Marc Denis with a rebound.
14:10 of 2nd period - Wrist shot by John Tavares.
14:10 of 2nd period - Deflect By Henrik Sedin.
14:10 of 2nd period - Shot Misses the Net.
14:10 of 2nd period - Puck is out of play.
14:11 of 2nd period - Tomas Plekanec wins face-off versus Vaclav Varada in Coyotes zone.
14:41 of 2nd period - Penalty to Boyd Devereaux is over, Boyd Devereaux is back on ice.
14:48 of 2nd period - Snap shot by Tim Connolly.
14:48 of 2nd period - Shot Misses the Net.
14:50 of 2nd period - Snap shot by Tim Connolly.
14:50 of 2nd period - Stopped by Patrick Lalime without a rebound.
14:51 of 2nd period - Marty Reasoner wins face-off versus Tim Connolly in Stars zone.
14:56 of 2nd period - Wrist shot by Hugh Jessiman.
14:56 of 2nd period - Shot Misses the Net.
14:58 of 2nd period - Snap shot by Jan Hlavac.
14:58 of 2nd period - Stopped by Marc Denis without a rebound.
14:59 of 2nd period - Frans Nielsen wins face-off versus Tomas Plekanec in Coyotes zone.
15:12 of 2nd period - Snap shot by Frans Nielsen.
15:12 of 2nd period - Shot Misses the Net.
16:38 of 2nd period - Slapshot by Frans Nielsen.
16:38 of 2nd period - Shot Misses the Net.
16:44 of 2nd period - Wrist shot by Erik Cole.
16:44 of 2nd period - Stopped by Patrick Lalime with a rebound.
16:46 of 2nd period - Snap shot by Chris Stewart.
16:46 of 2nd period - Goal by Chris Stewart - Stars : 1 - Coyotes : 2.
16:47 of 2nd period - Tim Connolly wins face-off versus Henrik Sedin in neutral zone.
16:54 of 2nd period - Snap shot by Drew Miller.
16:54 of 2nd period - Stopped by Patrick Lalime with a rebound.
17:34 of 2nd period - Slapshot by Kurt Sauer.
17:34 of 2nd period - Stopped by Patrick Lalime with a rebound.
17:36 of 2nd period - Slapshot by Kurt Sauer.
17:36 of 2nd period - Stopped by Patrick Lalime with a rebound.
17:38 of 2nd period - Slapshot by Anton Stralman.
17:38 of 2nd period - Stopped by Patrick Lalime with a rebound.
17:44 of 2nd period - Slapshot by Anton Stralman.
17:44 of 2nd period - Goal by Anton Stralman - Stars : 1 - Coyotes : 3.
17:45 of 2nd period - Henrik Sedin wins face-off versus Erik Christensen in neutral zone.
18:10 of 2nd period - Denis Grebeshkov is hit by John Tavares and loses puck.
18:17 of 2nd period - Snap shot by Shane Doan.
18:17 of 2nd period - Shot Misses the Net.
18:19 of 2nd period - Backhand shot by Shane Doan.
18:19 of 2nd period - Shot Blocked by Denis Grebeshkov.
18:33 of 2nd period - Snap shot by Vaclav Varada.
18:33 of 2nd period - Stopped by Patrick Lalime with a rebound.
18:35 of 2nd period - Slapshot by Denis Grebeshkov.
18:35 of 2nd period - Stopped by Patrick Lalime with a rebound.
18:37 of 2nd period - Slapshot by Denis Grebeshkov.
18:37 of 2nd period - Shot Blocked by Matthew Spiller.
18:39 of 2nd period - Snap shot by Vaclav Varada.
18:39 of 2nd period - Deflect By Pavel Brendl.
18:39 of 2nd period - Stopped by Patrick Lalime with a rebound.
19:13 of 2nd period - Snap shot by Marty Reasoner.
19:13 of 2nd period - Shot Blocked by Anton Stralman.
19:15 of 2nd period - Slapshot by Marty Reasoner.
19:15 of 2nd period - Shot Hit the Post.
19:17 of 2nd period - Wrist shot by Pavel Kubina.
19:17 of 2nd period - Stopped by Marc Denis without a rebound.
19:18 of 2nd period - Tim Connolly wins face-off versus John Tavares in Coyotes zone.
19:31 of 2nd period - Snap shot by Shane Doan.
19:31 of 2nd period - Stopped by Marc Denis with a rebound.
Goals for this period are 0 for Stars vs 2 for Coyotes.
Shots for this period are 5 for Stars vs 18 for Coyotes.
3rd period
0:01 of 3rd period - Henrik Sedin wins face-off versus Tim Connolly in neutral zone.
0:04 of 3rd period - Slapshot by Matthew Spiller.
0:04 of 3rd period - Shot Misses the Net.
0:15 of 3rd period - Off-side.
0:16 of 3rd period - John Tavares wins face-off versus Frans Nielsen in neutral zone.
0:37 of 3rd period - John Tavares is hit by Erik Cole and loses puck.
0:45 of 3rd period - Icing by Matthew Spiller.
0:46 of 3rd period - Tim Connolly wins face-off versus Henrik Sedin in Stars zone.
0:49 of 3rd period - Backhand shot by Marian Gaborik.
0:49 of 3rd period - Shot Blocked by Pavel Kubina.
1:11 of 3rd period - Brendan Bell is hit by Anton Stralman and loses puck.
1:34 of 3rd period - Shane Doan is hit by Frans Nielsen and loses puck.
2:24 of 3rd period - Wrist shot by Hugh Jessiman.
2:24 of 3rd period - Shot Hit the Post.
2:26 of 3rd period - Slapshot by Jan Hlavac.
2:26 of 3rd period - Shot Misses the Net.
2:30 of 3rd period - Slapshot by Jan Hlavac.
2:30 of 3rd period - Shot Misses the Net.
2:32 of 3rd period - Wrist shot by Filip Novak.
2:32 of 3rd period - Stopped by Marc Denis without a rebound.
2:33 of 3rd period - Frans Nielsen wins face-off versus Henrik Sedin in Coyotes zone.
3:00 of 3rd period - Chad Larose is hit by John Tavares and loses puck.
3:09 of 3rd period - Slapshot by Daniel Sedin.
3:09 of 3rd period - Stopped by Marc Denis with a rebound.
3:39 of 3rd period - Icing by Kurtis Foster.
3:40 of 3rd period - Boyd Devereaux wins face-off versus Tomas Plekanec in Stars zone.
4:25 of 3rd period - Wrist shot by Tim Connolly.
4:25 of 3rd period - Shot Blocked by Daniel Sedin.
4:27 of 3rd period - Wrist shot by Pavel Brendl.
4:27 of 3rd period - Shot Misses the Net.
4:29 of 3rd period - Slapshot by Adrian Aucoin.
4:29 of 3rd period - Stopped by Patrick Lalime with a rebound.
4:31 of 3rd period - Snap shot by Vaclav Varada.
4:31 of 3rd period - Shot Misses the Net.
4:37 of 3rd period - Slapshot by Adrian Aucoin.
4:37 of 3rd period - Stopped by Patrick Lalime with a rebound.
4:49 of 3rd period - Pavel Kubina is hit by Shawn Thornton and loses puck.
4:59 of 3rd period - Icing by Matthew Spiller.
5:00 of 3rd period - Marty Reasoner wins face-off versus Tim Connolly in Stars zone.
5:07 of 3rd period - Jiri Fischer is hit by Jan Hlavac and loses puck.
5:50 of 3rd period - Icing by Henrik Sedin.
5:51 of 3rd period - Henrik Sedin wins face-off versus Frans Nielsen in Stars zone.
6:02 of 3rd period - Snap shot by Erik Cole.
6:02 of 3rd period - Shot Blocked by Matthew Spiller.
6:04 of 3rd period - Snap shot by Adrian Aucoin.
6:04 of 3rd period - Shot Misses the Net.
6:06 of 3rd period - Backhand shot by Denis Grebeshkov.
6:06 of 3rd period - Shot Blocked by Pavel Kubina.
6:38 of 3rd period - Minor Penalty to Erik Christensen for Tripping.
6:39 of 3rd period - Henrik Sedin wins face-off versus Boyd Devereaux in Coyotes zone.
7:01 of 3rd period - Minor Penalty to Boyd Devereaux for Hooking.
7:02 of 3rd period - Chad Larose wins face-off versus Henrik Sedin in Coyotes zone.
7:56 of 3rd period - Snap shot by Milan Michalek.
7:56 of 3rd period - Deflect By Chad Larose.
7:56 of 3rd period - Stopped by Marc Denis without a rebound.
7:57 of 3rd period - Chad Larose wins face-off versus Milan Michalek in Coyotes zone.
8:28 of 3rd period - Snap shot by John Tavares.
8:28 of 3rd period - Shot Misses the Net.
8:38 of 3rd period - Penalty to Erik Christensen is over, Erik Christensen is back on ice.
9:01 of 3rd period - Penalty to Boyd Devereaux is over, Boyd Devereaux is back on ice.
9:17 of 3rd period - Icing by Brendan Bell.
9:18 of 3rd period - Tim Connolly wins face-off versus Marty Reasoner in Stars zone.
9:21 of 3rd period - Snap shot by Drew Miller.
9:21 of 3rd period - Stopped by Patrick Lalime with a rebound.
9:29 of 3rd period - Snap shot by Jan Hlavac.
9:29 of 3rd period - Deflect By Hugh Jessiman.
9:29 of 3rd period - Shot Misses the Net.
9:29 of 3rd period - Puck is out of play.
9:30 of 3rd period - Milan Michalek wins face-off versus Tim Connolly in Coyotes zone.
9:41 of 3rd period - Milan Michalek is hit by Drew Miller and loses puck.
9:56 of 3rd period - John Tavares is hit by Frans Nielsen and loses puck.
11:00 of 3rd period - Wrist shot by Chris Stewart.
11:00 of 3rd period - Shot Blocked by Pavel Kubina.
11:11 of 3rd period - Slapshot by Matthew Spiller.
11:11 of 3rd period - Stopped by Marc Denis without a rebound.
11:12 of 3rd period - Evgeny Artyukhin wins face-off versus Tim Connolly in Coyotes zone.
11:21 of 3rd period - Wrist shot by Milan Michalek.
11:21 of 3rd period - Stopped by Marc Denis with a rebound.
12:01 of 3rd period - Drew Miller is hit by Shane Doan and loses puck.
12:10 of 3rd period - Wrist shot by Tim Connolly.
12:10 of 3rd period - Shot Misses the Net.
12:12 of 3rd period - Wrist shot by Adrian Aucoin.
12:12 of 3rd period - Stopped by Patrick Lalime with a rebound.
12:14 of 3rd period - Slapshot by Denis Grebeshkov.
12:14 of 3rd period - Stopped by Patrick Lalime with a rebound.
12:29 of 3rd period - Minor Penalty to Daniel Sedin for Hooking.
12:30 of 3rd period - Marty Reasoner wins face-off versus Frans Nielsen in Stars zone.
13:55 of 3rd period - Slapshot by Anton Stralman.
13:55 of 3rd period - Stopped by Patrick Lalime without a rebound.
13:56 of 3rd period - John Tavares wins face-off versus Frans Nielsen in Stars zone.
14:13 of 3rd period - Tim Connolly is hit by Jan Hlavac and loses puck.
14:29 of 3rd period - Penalty to Daniel Sedin is over, Daniel Sedin is back on ice.
14:39 of 3rd period - Minor Penalty to Boyd Devereaux for Hooking.
14:40 of 3rd period - Drew Miller wins face-off versus Henrik Sedin in Coyotes zone.
15:16 of 3rd period - Wrist shot by Henrik Sedin.
15:16 of 3rd period - Shot Misses the Net.
15:18 of 3rd period - Snap shot by Henrik Sedin.
15:18 of 3rd period - Stopped by Marc Denis with a rebound.
15:20 of 3rd period - Snap shot by John Tavares.
15:20 of 3rd period - Shot Blocked by Chad Larose.
15:22 of 3rd period - Slapshot by Pavel Kubina.
15:22 of 3rd period - Shot Misses the Net.
15:24 of 3rd period - Slapshot by Pavel Kubina.
15:24 of 3rd period - Stopped by Marc Denis with a rebound.
15:32 of 3rd period - Snap shot by Henrik Sedin.
15:32 of 3rd period - Shot Blocked by Drew Miller.
15:34 of 3rd period - Slapshot by Kurtis Foster.
15:34 of 3rd period - Deflect By Henrik Sedin.
15:34 of 3rd period - Shot Blocked by Jiri Fischer.
15:34 of 3rd period - Puck is out of play.
15:35 of 3rd period - Tomas Plekanec wins face-off versus Vaclav Varada in Coyotes zone.
15:44 of 3rd period - Snap shot by Tomas Plekanec.
15:44 of 3rd period - Stopped by Marc Denis with a rebound.
15:46 of 3rd period - Snap shot by Tomas Plekanec.
15:46 of 3rd period - Stopped by Marc Denis with a rebound.
15:48 of 3rd period - Wrist shot by Tomas Plekanec.
15:48 of 3rd period - Stopped by Marc Denis with a rebound.
15:50 of 3rd period - Slapshot by Matthew Spiller.
15:50 of 3rd period - Shot Blocked by Erik Cole.
16:36 of 3rd period - Shawn Thornton is hit by Matthew Spiller and loses puck.
16:39 of 3rd period - Penalty to Boyd Devereaux is over, Boyd Devereaux is back on ice.
17:11 of 3rd period - Henrik Sedin is hit by Drew Miller and loses puck.
18:10 of 3rd period - Sean Avery is hit by Chad Larose and loses puck.
18:35 of 3rd period - Slapshot by Vaclav Varada.
18:35 of 3rd period - Shot Misses the Net.
18:37 of 3rd period - Slapshot by Anton Stralman.
18:37 of 3rd period - Stopped by Patrick Lalime without a rebound.
18:38 of 3rd period - Henrik Sedin wins face-off versus Erik Christensen in Stars zone.
18:49 of 3rd period - Slapshot by Anton Stralman.
18:49 of 3rd period - Shot Blocked by Daniel Sedin.
19:30 of 3rd period - Icing by Pavel Kubina.
19:31 of 3rd period - John Tavares wins face-off versus Erik Christensen in Stars zone.
19:48 of 3rd period - Slapshot by Denis Grebeshkov.
19:48 of 3rd period - Stopped by Patrick Lalime without a rebound.
19:49 of 3rd period - Henrik Sedin wins face-off versus Pavel Brendl in Stars zone.
19:56 of 3rd period - Slapshot by Denis Grebeshkov.
19:56 of 3rd period - Stopped by Patrick Lalime without a rebound.
19:57 of 3rd period - Erik Christensen wins face-off versus Henrik Sedin in Stars zone.
Goals for this period are 0 for Stars vs 0 for Coyotes.
Shots for this period are 10 for Stars vs 9 for Coyotes.
Output by the SimonT Hockey Simulator (STHS) for François Prévost -- Original Page W3C XHTML 1.0 Valid